| TOP OF THE 1ST |
|
Knoxville Blue Jays batting - Pitching for Jacksonville Suns : LHP Tom Browning
|
|
Pitching: LHP Tom Browning
|
|
|
Batting: RHB LaRue Washington
|
0-0: Foul Ball, location: 2F 0-1: Ball 1-1: Ball 2-1: Ball 3-1: Ground out 6-3 (Groundball, 6S, EV 85.6 MPH)
|
|
Batting: RHB Brian Asselstine
|
0-0: Fly out, F7 (Flyball, 7D, EV 102.5 MPH)
|
|
Batting: RHB Jason Adams
|
0-0: Called Strike 0-1: Ground out 5-3 (Groundball, 56, EV 80.6 MPH)
|
| Top of the 1st over - 0 runs, 0 hits, 0 errors, 0 left on base; Knoxville 0 - Jacksonville 0 |
| BOTTOM OF THE 1ST |
|
Jacksonville Suns batting - Pitching for Knoxville Blue Jays : RHP Dan Greenhalgh
|
|
Pitching: RHP Dan Greenhalgh
|
|
|
Batting: RHB Lyle Brackenridge
|
0-0: Foul Ball, location: 2F 0-1: Ball 1-1: Called Strike 1-2: Ground out 5-3 (Groundball, 5, EV 102.5 MPH)
|
|
Batting: SHB Joe Morales
|
0-0: Ball 1-0: Ball 2-0: Swinging Strike 2-1: Fly out, F9 (Flyball, 9LD, EV 91.3 MPH)
|
|
Batting: LHB Andy Carlton
|
0-0: Swinging Strike 0-1: Foul Ball, location: 2F 0-2: Foul Ball, location: 2F 0-2: Ball 1-2: Ball 2-2: Fly out, F9 (Line Drive, 9D, EV 92.5 MPH)
|
| Bottom of the 1st over - 0 runs, 0 hits, 0 errors, 0 left on base; Knoxville 0 - Jacksonville 0 |
| TOP OF THE 2ND |
|
Knoxville Blue Jays batting - Pitching for Jacksonville Suns : LHP Tom Browning
|
|
Batting: RHB Alex Villalobos
|
0-0: Ball 1-0: Called Strike 1-1: Fly out, F1 (Line Drive, P, EV 64.4 MPH)
|
|
Batting: LHB Eddie Milner
|
0-0: Fly out, F8 (Line Drive, 8LD, EV 95.0 MPH)
|
|
Batting: LHB Joe Bivins
|
0-0: Ball 1-0: Foul Ball, location: 2F 1-1: Ball 2-1: Ball 3-1: Ground out 4-3 (Groundball, 4M, EV 88.8 MPH)
|
| Top of the 2nd over - 0 runs, 0 hits, 0 errors, 0 left on base; Knoxville 0 - Jacksonville 0 |
| BOTTOM OF THE 2ND |
|
Jacksonville Suns batting - Pitching for Knoxville Blue Jays : RHP Dan Greenhalgh
|
|
Batting: RHB Edward Packard
|
0-0: Ball 1-0: Ball 2-0: SINGLE (Line Drive, 4D, EV 93.8 MPH)
|
|
Batting: LHB Pete M O'Brien
|
0-0: Foul Ball, location: 2F 0-1: SINGLE (Groundball, 4D, EV 105.6 MPH) Edward Packard to second
|
|
Batting: LHB Dave Baker
|
0-0: Ball 1-0: Called Strike 1-1: Foul Ball, location: 2F 1-2: Fielders Choice at 2nd, 5-4 (Groundball, 5, EV 88.1 MPH) Edward Packard to third
|
|
Batting: LHB Michael Kelly
|
0-0: Grounds into double play, 1-6-3 (Groundball, 13, EV 66.9 MPH)
|
| Bottom of the 2nd over - 0 runs, 2 hits, 0 errors, 1 left on base; Knoxville 0 - Jacksonville 0 |
| TOP OF THE 3RD |
|
Knoxville Blue Jays batting - Pitching for Jacksonville Suns : LHP Tom Browning
|
|
Batting: RHB Alex Taveras
|
0-0: Ball 1-0: Foul Ball, location: 2F 1-1: Foul Ball, location: 2F 1-2: Ball 2-2: Strikes out looking
|
|
Batting: RHB Jerry Royster
|
0-0: Swinging Strike 0-1: Ball 1-1: Fly out, F7 (Flyball, 7, EV 88.8 MPH)
|
|
Batting: RHB Rick Sweet
|
0-0: Ball 1-0: Foul Ball, location: 2F 1-1: Swinging Strike 1-2: SINGLE (Groundball, 34S, EV 88.8 MPH) (infield hit)
|
|
Batting: RHB LaRue Washington
|
0-0: Ball 1-0: Foul Ball, location: 2F 1-1: Ground out 2-3 (Groundball, 2R, EV 65.6 MPH)
|
| Top of the 3rd over - 0 runs, 1 hit, 0 errors, 1 left on base; Knoxville 0 - Jacksonville 0 |
| BOTTOM OF THE 3RD |
|
Jacksonville Suns batting - Pitching for Knoxville Blue Jays : RHP Dan Greenhalgh
|
|
Batting: RHB Mark Nocciolo
|
0-0: Called Strike 0-1: Ball 1-1: Ball 2-1: Called Strike 2-2: Ball 3-2: Base on Balls
|
|
Batting: LHB Donald Seeker
|
0-0: Called Strike Mark Nocciolo steals 2nd base 0-1: Ball 1-1: Foul Ball, location: 2F 1-2: Ball 2-2: Foul Ball, location: 2F 2-2: Ball 3-2: Fly out, F9 (Flyball, 9LM, EV 85.6 MPH) Runner from 2nd tags up, SAFE at 3rd, no throw by RF
|
|
Batting: RHB Lyle Brackenridge
|
0-0: Ball 1-0: Ball 2-0: Foul Ball, location: 2F 2-1: Swinging Strike 2-2: Ball 3-2: Foul Ball, location: 2F 3-2: Strikes out swinging
|
|
Batting: SHB Joe Morales
|
0-0: Ball 1-0: Foul Ball, location: 2F 1-1: Ball 2-1: Ball 3-1: Ground out 6-3 (Groundball, 56, EV 82.5 MPH)
|
| Bottom of the 3rd over - 0 runs, 0 hits, 0 errors, 1 left on base; Knoxville 0 - Jacksonville 0 |
| TOP OF THE 4TH |
|
Knoxville Blue Jays batting - Pitching for Jacksonville Suns : LHP Tom Browning
|
|
Batting: RHB Brian Asselstine
|
0-0: Ball 1-0: Ball 2-0: Foul Ball, location: 2F 2-1: Foul Ball, location: 2F 2-2: Ball 3-2: Strikes out looking
|
|
Batting: RHB Jason Adams
|
0-0: Ball 1-0: Called Strike 1-1: Ground out 4-3 (Groundball, 34, EV 91.3 MPH)
|
|
Batting: RHB Alex Villalobos
|
0-0: Foul Ball, location: 2F 0-1: Called Strike 0-2: Ball 1-2: Ground out 6-3 (Groundball, 6, EV 84.4 MPH)
|
| Top of the 4th over - 0 runs, 0 hits, 0 errors, 0 left on base; Knoxville 0 - Jacksonville 0 |
| BOTTOM OF THE 4TH |
|
Jacksonville Suns batting - Pitching for Knoxville Blue Jays : RHP Dan Greenhalgh
|
|
Batting: LHB Andy Carlton
|
0-0: Foul Ball, location: 2F 0-1: DOUBLE (Line Drive, 9LS, EV 91.9 MPH)
|
|
Batting: RHB Edward Packard
|
0-0: Ball 1-0: Swinging Strike 1-1: Foul Ball, location: 2F 1-2: Ball 2-2: Strikes out swinging
|
|
Batting: LHB Pete M O'Brien
|
0-0: Called Strike 0-1: Ball 1-1: Ground out 5-3 (Groundball, 56, EV 80.6 MPH)
|
|
Batting: LHB Dave Baker
|
0-0: Swinging Strike 0-1: Foul Ball, location: 2F 0-2: Foul Ball, location: 2F 0-2: Fly out, F8 (Flyball, 8LM, EV 77.5 MPH)
|
| Bottom of the 4th over - 0 runs, 1 hit, 0 errors, 1 left on base; Knoxville 0 - Jacksonville 0 |
| TOP OF THE 5TH |
|
Knoxville Blue Jays batting - Pitching for Jacksonville Suns : LHP Tom Browning
|
|
Batting: LHB Eddie Milner
|
0-0: Called Strike 0-1: Ground out 6-3 (Groundball, 6MD, EV 110.0 MPH)
|
|
Batting: LHB Joe Bivins
|
0-0: Ball 1-0: Fly out, F8 (Flyball, 78D, EV 104.4 MPH)
|
|
Batting: RHB Alex Taveras
|
0-0: Ball 1-0: Foul Ball, location: 2F 1-1: Ball 2-1: Called Strike 2-2: Ground out 6-3 (Groundball, 6, EV 101.3 MPH)
|
| Top of the 5th over - 0 runs, 0 hits, 0 errors, 0 left on base; Knoxville 0 - Jacksonville 0 |
| BOTTOM OF THE 5TH |
|
Jacksonville Suns batting - Pitching for Knoxville Blue Jays : RHP Dan Greenhalgh
|
|
Batting: LHB Michael Kelly
|
0-0: Ball 1-0: Swinging Strike 1-1: Swinging Strike 1-2: Strikes out swinging
|
|
Batting: RHB Mark Nocciolo
|
0-0: Called Strike 0-1: Foul Ball, location: 2F 0-2: Strikes out swinging
|
|
Batting: LHB Donald Seeker
|
0-0: Ball 1-0: Ball 2-0: Ball 3-0: Called Strike 3-1: Fly out, F5 (Popup, 5DF, EV 64.4 MPH)
|
| Bottom of the 5th over - 0 runs, 0 hits, 0 errors, 0 left on base; Knoxville 0 - Jacksonville 0 |
| TOP OF THE 6TH |
|
Knoxville Blue Jays batting - Pitching for Jacksonville Suns : LHP Tom Browning
|
|
Batting: RHB Jerry Royster
|
0-0: Swinging Strike 0-1: Ball 1-1: Foul Ball, location: 2F 1-2: SINGLE (Groundball, 5S, EV 98.8 MPH)
|
|
Batting: RHB Rick Sweet
|
0-0: Swinging Strike Jerry Royster steals 2nd base 0-1: DOUBLE (Line Drive, 9LM, EV 113.8 MPH) Jerry Royster scores
|
|
Batting: RHB LaRue Washington
|
0-0: Ball 1-0: Ball 2-0: Ball 3-0: Base on Balls
|
|
Batting: RHB Brian Asselstine
|
0-0: Fly out, F7 (Line Drive, 7D, EV 89.4 MPH)
|
|
Batting: RHB Jason Adams
|
0-0: Ball 1-0: Foul Ball, location: 2F 1-1: Ball 2-1: Fly out, F5 (Popup, 5S, EV 78.1 MPH)
|
|
Batting: RHB Alex Villalobos
|
0-0: Called Strike 0-1: Ball 1-1: Ball 2-1: Ball 3-1: Fly out, F4 (Line Drive, 4, EV 64.4 MPH)
|
| Top of the 6th over - 1 run, 2 hits, 0 errors, 2 left on base; Knoxville 1 - Jacksonville 0 |
| BOTTOM OF THE 6TH |
|
Jacksonville Suns batting - Pitching for Knoxville Blue Jays : RHP Dan Greenhalgh
|
|
Batting: RHB Lyle Brackenridge
|
0-0: Called Strike 0-1: Foul Ball, location: 2F 0-2: Ball 1-2: Strikes out swinging
|
|
Batting: SHB Joe Morales
|
0-0: Ball 1-0: Ball 2-0: Ball 3-0: Base on Balls
|
|
Batting: LHB Andy Carlton
|
0-0: Ball 1-0: Ball 2-0: Grounds into double play, 5-4-3 (Groundball, 56, EV 86.9 MPH)
|
| Bottom of the 6th over - 0 runs, 0 hits, 0 errors, 0 left on base; Knoxville 1 - Jacksonville 0 |
| TOP OF THE 7TH |
|
Knoxville Blue Jays batting - Pitching for Jacksonville Suns : LHP Tom Browning
|
|
Batting: LHB Eddie Milner
|
0-0: Called Strike 0-1: Foul Ball, location: 2F 0-2: SINGLE (Line Drive, 34, EV 96.3 MPH)
|
|
Batting: LHB Joe Bivins
|
0-0: Ball 1-0: Bunt missed! 1-1: Bunted foul 1-2: Ball 2-2: Ball 3-2: Strikes out swinging
|
|
Batting: RHB Alex Taveras
|
0-0: Called Strike Eddie Milner is caught stealing 2nd base 2-4 0-1: Ball 1-1: Fly out, F9 (Flyball, 89D, EV 101.9 MPH)
|
| Top of the 7th over - 0 runs, 1 hit, 0 errors, 0 left on base; Knoxville 1 - Jacksonville 0 |
| BOTTOM OF THE 7TH |
|
Jacksonville Suns batting - Pitching for Knoxville Blue Jays : RHP Dan Greenhalgh
|
|
Batting: RHB Edward Packard
|
0-0: Foul Ball, location: 2F 0-1: Swinging Strike 0-2: Ball 1-2: Strikes out swinging
|
|
Batting: LHB Pete M O'Brien
|
0-0: Ball 1-0: Called Strike 1-1: Ball 2-1: Foul Ball, location: 2F 2-2: Strikes out swinging
|
|
Batting: LHB Dave Baker
|
0-0: Ball 1-0: Ball 2-0: SINGLE (Groundball, 6D, EV 96.3 MPH)
|
|
Batting: LHB Michael Kelly
|
0-0: Swinging Strike 0-1: Called Strike 0-2: Foul Ball, location: 2F 0-2: Foul Ball, location: 2F 0-2: Strikes out swinging
|
| Bottom of the 7th over - 0 runs, 1 hit, 0 errors, 1 left on base; Knoxville 1 - Jacksonville 0 |
| TOP OF THE 8TH |
|
Knoxville Blue Jays batting - Pitching for Jacksonville Suns : LHP Tom Browning
|
|
Batting: RHB Jerry Royster
|
0-0: Called Strike 0-1: SINGLE (Groundball, 56S, EV 98.1 MPH)
|
|
Batting: RHB Rick Sweet
|
0-0: Called Strike 0-1: Called Strike 0-2: Ball 1-2: Ball 2-2: SINGLE (Groundball, 56, EV 95.6 MPH) Jerry Royster to second
|
|
Batting: RHB LaRue Washington
|
0-0: Swinging Strike 0-1: Ball 1-1: Ball 2-1: Foul Ball, location: 2F 2-2: Ball 3-2: Base on Balls Jerry Royster to third Rick Sweet to second
|
|
Batting: RHB Brian Asselstine
|
0-0: Called Strike 0-1: Ball 1-1: Swinging Strike 1-2: Ball 2-2: Foul Ball, location: 2F 2-2: Foul Ball, location: 2F 2-2: Ball 3-2: Fly out, F4 (Popup, 4M, EV 56.9 MPH)
|
|
Batting: RHB Jason Adams
|
0-0: Ball 1-0: Swinging Strike 1-1: Foul Ball, location: 2F 1-2: Ball 2-2: SINGLE (Groundball, 4D, EV 100.6 MPH) Jerry Royster scores Rick Sweet to third LaRue Washington to second Runner from 3rd tries for Home, SAFE, throw by CF to home
|
|
Batting: RHB Alex Villalobos
|
0-0: Foul Ball, location: 2F 0-1: Ball 1-1: Ball 2-1: Called Strike 2-2: Foul Ball, location: 2F 2-2: Ball 3-2: Grounds into double play, 6-4-3 (Groundball, 6, EV 88.8 MPH)
|
| Top of the 8th over - 2 runs, 3 hits, 0 errors, 1 left on base; Knoxville 3 - Jacksonville 0 |
| BOTTOM OF THE 8TH |
|
Jacksonville Suns batting - Pitching for Knoxville Blue Jays : RHP Dan Greenhalgh
|
|
Batting: RHB Mark Nocciolo
|
0-0: Foul Ball, location: 2F 0-1: Swinging Strike 0-2: Ball 1-2: Strikes out swinging
|
|
Batting: LHB Donald Seeker
|
0-0: Ball 1-0: Ball 2-0: Swinging Strike 2-1: Foul Ball, location: 2F 2-2: Ground out 4-3 (Groundball, 34, EV 110.6 MPH)
|
|
Batting: RHB Lyle Brackenridge
|
0-0: Ball 1-0: Swinging Strike 1-1: Swinging Strike 1-2: Strikes out swinging
|
| Bottom of the 8th over - 0 runs, 0 hits, 0 errors, 0 left on base; Knoxville 3 - Jacksonville 0 |
| TOP OF THE 9TH |
|
Knoxville Blue Jays batting - Pitching for Jacksonville Suns : LHP Tom Browning
|
|
Batting: LHB Eddie Milner
|
0-0: Ball 1-0: Called Strike 1-1: SINGLE (Groundball, 4MD, EV 102.5 MPH)
|
|
Batting: LHB Joe Bivins
|
0-0: Bunted foul 0-1: Bunted foul 0-2: Ball 1-2: Foul Ball, location: 2F 1-2: Fly out, F7 (Flyball, 7S, EV 86.9 MPH)
|
|
Batting: RHB Alex Taveras
|
0-0: Ball 1-0: Ball 2-0: Ball 3-0: Called Strike 3-1: TRIPLE (Line Drive, 8LXD, EV 108.8 MPH) Eddie Milner scores
|
|
Batting: RHB Jerry Royster
|
0-0: Called Strike 0-1: Foul Ball, location: 2F 0-2: Strikes out swinging
|
|
Batting: RHB Rick Sweet
|
0-0: Called Strike 0-1: SINGLE (Line Drive, 7S, EV 102.5 MPH) Alex Taveras scores
|
|
Pitching: RHP Michael Villegas
|
|
|
Batting: RHB LaRue Washington
|
0-0: Called Strike 0-1: Swinging Strike 0-2: Ball 1-2: Ball 2-2: Strikes out swinging
|
| Top of the 9th over - 2 runs, 3 hits, 0 errors, 1 left on base; Knoxville 5 - Jacksonville 0 |
| BOTTOM OF THE 9TH |
|
Jacksonville Suns batting - Pitching for Knoxville Blue Jays : RHP Dan Greenhalgh
|
|
Batting: SHB Joe Morales
|
0-0: Foul Ball, location: 2F 0-1: Foul Ball, location: 2F 0-2: Ball 1-2: Foul Ball, location: 2F 1-2: Foul Ball, location: 2F 1-2: Strikes out looking
|
|
Batting: LHB Andy Carlton
|
0-0: Called Strike 0-1: Foul Ball, location: 2F 0-2: Strikes out swinging
|
|
Batting: RHB Edward Packard
|
0-0: Ball 1-0: Ball 2-0: Called Strike 2-1: Called Strike 2-2: Ball 3-2: Fly out, F4 (Popup, 4MD, EV 50.6 MPH)
|
| Bottom of the 9th over - 0 runs, 0 hits, 0 errors, 0 left on base; Knoxville 5 - Jacksonville 0 |
|